 Dungeon Crawl Stone Soup version 0.30-a0-989-g0d87f670db (webtiles) character file.

Game seed: 12390297378569590187

2802 jtron the Slasher (level 9, -15/68 HPs)
             Began as a Demonspawn Wanderer on Apr 3, 2023.
             Was a Believer of Kikubaaqudgha.
             Killed from afar by a steam dragon (16 damage)
             ... with a ball of steam
             ... on level 8 of the Dungeon.
             The game lasted 00:20:23 (6824 turns).

jtron the Slasher (Demonspawn Wanderer)             Turns: 6824, Time: 00:20:24

Health: -15/68     AC:  5    Str: 12    XL:     9   Next: 44%
Magic:  5/14       EV: 33    Int: 21    God:    Kikubaaqudgha [**....]
Gold:   524        SH:  0    Dex: 12    Spells: 7/15 levels left

rFire   . . .      SeeInvis .    a - +9 demon blade "Duyryng" {flame, rPois}
rCold   + . .      Faith    .    (no shield)
rNeg    . . .      Spirit   .    t - +0 robe
rPois   +          Reflect  .    Q - +0 helmet
rElec   .          Rampage  .    e - +1 cloak
rCorr   .                        (no gloves)
Will    .....                    (no boots)
Stlth   ++                       g - amulet of the acrobat
HPRegen 0.31/turn                s - ring of protection from cold
MPRegen 0.14/turn                J - +5 ring of evasion

@: acrobatic, animating dead
A: hooves 2, spiny 3, big brain 1
a: Renounce Religion, Unearth Wretches


You were on level 8 of the Dungeon.
You worshipped Kikubaaqudgha.
Kikubaaqudgha was pleased with you.
You visited 1 branch of the dungeon, and saw 8 of its levels.
You also visited: Sewer.

You collected 524 gold pieces.

Inventory:

Hand Weapons
 a - the +9 demon blade "Duyryng" (weapon) {flame, rPois}
   (You acquired it on level 3 of the Dungeon)

   rPois:     It protects you from poison.
 b - a +1 longbow
Missiles
 f - 76 stones
 p - 6 curare-tipped darts
 q - 3 atropa-tipped darts
 x - 29 poisoned darts (quivered)
 I - 4 datura-tipped darts
 K - 2 throwing nets
Armour
 e - a +1 cloak (worn)
 t - a +0 robe (worn)
 Q - a +0 helmet (worn)
Magical Staves
 F - a staff of air
Jewellery
 g - an amulet of the acrobat (around neck)
 s - a ring of protection from cold (left hand)
 J - a +5 ring of evasion (right hand)
 L - a ring of fire
 N - a ring of fire
Wands
 r - a wand of roots (17)
 u - a wand of light (18)
 y - a wand of flame (28)
 D - a wand of polymorph (8)
 P - a wand of paralysis (5)
Scrolls
 h - a scroll of fear
 j - 2 scrolls of identify
 n - 2 scrolls of poison
 o - 3 scrolls of blinking
 B - 3 scrolls of teleportation
 C - 2 scrolls of amnesia
 E - a scroll of magic mapping
Potions
 c - 3 potions of attraction
 d - a potion of lignification
 i - a potion of curing
 k - 2 potions of berserk rage
 l - a potion of cancellation
 m - a potion of resistance
 v - 3 potions of invisibility
 w - 2 potions of haste
 z - a potion of ambrosia
 A - a potion of flight {unknown}
 M - a potion of might {unknown}
 O - 3 potions of mutation {unknown}


   Skills:
 * Level 5.4 Fighting
 - Level 2.3(4.7) Short Blades
 + Level 6.3(6.5) Long Blades
 + Level 2.9 Throwing
 + Level 3.8 Dodging
 - Level 3.0 Stealth
 * Level 3.9 Spellcasting
 + Level 0.3 Conjurations
 * Level 5.2 Necromancy
 + Level 1.1 Air Magic
 - Level 2.9 Invocations
 + Level 1.6 Evocations


You had 7 spell levels left.
You knew the following spells:

 Your Spells              Type           Power      Damage    Failure   Level
a - Necrotise             Necr           100%       1d9       1%          1
b - Animate Dead          Necr           26%        N/A       14%         4
c - Vampiric Draining     Necr           26%        2d7       4%          3

Your spell library contained the following spells:

 Spells                   Type           Power      Damage    Failure   Level
 Sublimation of Blood     Necr           26%        N/A       2%          2
 Kiss of Death            Conj/Necr      60%        2d10      3%          1
 Cigotuvi's Dreadful Rot  Necr/Pois/Air  26%        N/A       8%          2
 Magic Dart               Conj           20%        1d4       11%         1
 Freeze                   Ice            16%        1d4       12%         1
 Summon Small Mammal      Summ           16%        N/A       12%         1
 Poisonous Vapours        Pois/Air       12%        N/A       14%         2
 Static Discharge         Conj/Air       14%        2-3/arc   14%         2
 Searing Ray              Conj           10%        2d4       16%         2
 Blink                    Tloc           8%         N/A       19%         2
 Hailstorm                Conj/Ice       4%         3d4       34%         3
 Call Canine Familiar     Summ           4%         N/A       36%         3
 Frozen Ramparts          Ice            8%         1d2       36%         3
 Summon Guardian Golem    Hex/Summ       4%         N/A       36%         3
 Anguish                  Hex/Necr       7%         N/A       38%         4
 Fulminant Prism          Conj/Hex       2%         3d5       75%         4
 Sticky Flame             Conj/Fire      4%         2d3       75%         4
 Manifold Assault         Tloc           4%         N/A       77%         4
 Malign Gateway           Summ/Tloc      2%         N/A       100%        7
 Orb of Destruction       Conj           2%         9d5       100%        7
 Storm Form               Tmut/Air       3%         N/A       100%        7


Dungeon Overview and Level Annotations

Branches:
Dungeon (8/15)             Temple (0/1) D:4           Sewer (visited)
   Lair: D:8-11

Altars:
Dithmenos
Kikubaaqudgha
Nemelex Xobeh
Okawaru
Trog

Shops:
D:1 :   D:3 :   D:7 *

Annotations:
D:4 3 runed translucent doors, jimonade's ghost, amateur HOMo


Innate Abilities, Weirdness & Mutations

You have hoof-like feet.
You are completely covered in sharp spines.
You have an unusually large brain. (Int +2)


Message History

A gnoll bouda comes into view.
The gnoll bouda shouts!
Kikubaaqudgha calls piteous wretches from the earth!
You are engulfed in a cloud of scalding steam.
The sentinel's mark upon you fades away.
Okay, then.
You closely miss the steam dragon.
You kick the steam dragon, but do no damage.
The steam dragon is heavily wounded.
The orc warrior hits you from afar with a +0 trident!
A nearby yak perishes wretchedly.
A nearby gnoll bouda perishes wretchedly.
The orc warrior is struck by your spines.
The orc warrior completely misses you. The orc completely misses you.
You see here a gnoll corpse.
Okay, then.
Casting: Necrotise (safe; 1% risk of failure)
Confirm with . or Enter, or press ? or * to list all spells.
Aiming: Vampiric Draining (dangerous; 4% risk of failure)
Press: ? - help, Shift-Dir - straight line, f/p - steam dragon
Aim: a steam dragon (heavily wounded, blind)
Okay, then.
Casting: Vampiric Draining (dangerous; 4% risk of failure)
Confirm with . or Enter, or press ? or * to list all spells.
You don't know that spell.
Casting: Vampiric Draining (dangerous; 4% risk of failure)
Confirm with . or Enter, or press ? or * to list all spells.
You call upon the dead to rise.
The steam dragon breathes steam at you. The ball of steam hits you!
* * * LOW HITPOINT WARNING * * *
The orc hits you but does no damage. The orc warrior completely misses you.
You hear an angry hiss.
You are engulfed in a cloud of scalding steam.
* * * LOW HITPOINT WARNING * * *
The steam dragon breathes steam at you. The ball of steam hits you!
You die...
Kikubaaqudgha rasps: "You have failed me!
Welcome... death!"

#.#.#.#..#.§§§.#
###.#......#.)...#
.................#
.................###
...............)...#
.................#.##
...............†.#..#
........).....oO.##.......J
......###..##oD§@###.>...@.
......# #..##.#### #.#####
#########..##.# .#
###...........# )#
..............# #
###...........#
#...........# #...........#
#...........#


You could see a two-headed ogre, a steam dragon (blind, catching breath), an orc
warrior (blind) and an orc.

Vanquished Creatures
  Maurice (D:8)
  Sigmund (D:3)
  A black bear (D:7)
  The ghost of Insertrandomname the Insei, an amateur DjWn (D:3)
  A centaur (D:6)
  A phantom (D:7)
  7 bullfrogs
  A gnoll sergeant (D:7)
  4 scorpions
  4 wights (D:7)
  2 howler monkeys
  3 jellies
  A gnoll bouda (D:5)
  2 orc priests
  3 hounds
  An iguana (D:6)
  Ijyb (D:3)
  2 sleepcaps
  Jessica (D:3)
  Natasha (twice) (D:4)
  7 orc wizards
  Robin (D:3)
  8 gnolls
  14 adders
  3 worms
  2 dart slugs
  23 orcs
  12 ball pythons
  9 endoplasms
  8 giant cockroaches
  17 goblins
  11 hobgoblins
  4 jackals (D:5)
  8 quokkas
  7 bats
  13 frilled lizards
  6 kobolds
  15 rats
208 creatures vanquished.

Vanquished Creatures (others)
  A yak (D:8)
  A gnoll bouda (D:8)
  2 gnoll zombies (D:7)
  11 plants
15 creatures vanquished.

Grand Total: 223 creatures vanquished

Notes
Turn   | Place    | Note
-------+----------+-------------------------------------------
     0 | D:1      | jtron the Demonspawn Wanderer began the quest for the Orb.
     0 | D:1      | jtron set off with the following items: a +0 dagger, 14
                  | poisoned darts, a potion of attraction, a +0 robe; and the
                  | following spell memorised: Kiss of Death; and the following
                  | spells available to memorise: Cigotuvi's Dreadful Rot,
                  | Poisonous Vapours, Animate Dead, Anguish.
     0 | D:1      | Reached XP level 1. HP: 13/13 MP: 2/2
    54 | D:1      | Found Difugic's Book Shoppe.
   283 | D:1      | Gained mutation: You are partially covered in sharp spines.
                  | [demonic ancestry]
   283 | D:1      | Reached XP level 2. HP: 12/13 MP: 3/3
   706 | D:1      | Reached XP level 3. HP: 19/23 MP: 5/5
   877 | D:2      | Reached skill level 1 in Dodging
  1028 | D:2      | Reached skill level 1 in Fighting
  1028 | D:2      | Gained mutation: You have large cloven feet. [demonic
                  | ancestry]
  1028 | D:2      | Reached XP level 4. HP: 29/32 MP: 6/6
  1569 | D:3      | Noticed Sigmund
  1578 | D:3      | Killed Sigmund
  1579 | D:3      | Gained mutation: You have an unusually large brain. (Int
                  | +2) [demonic ancestry]
  1579 | D:3      | Reached XP level 5. HP: 26/38 MP: 7/7
  1661 | D:3      | Identified a scroll of acquirement
  1661 | D:3      | Acquired the +9 demon blade "Duyryng" {flame, rPois}
  1810 | D:3      | Found a runed translucent door.
  1811 | D:3      | Noticed Jessica
  1815 | D:3      | Killed Jessica
  1816 | D:3      | Gained mutation: You have hoof-like feet. [demonic
                  | ancestry]
  1816 | D:3      | Reached XP level 6. HP: 44/44 MP: 8/8
  1825 | D:3      | Found a faded altar of an unknown god.
  1825 | D:3      | Found a bloodstained altar of Trog.
  1833 | D:3      | Found a faded altar of an unknown god.
  1835 | D:3      | Found an iron altar of Okawaru.
  1837 | D:3      | Found a shadowy altar of Dithmenos.
  1857 | D:3      | Noticed Insertrandomname's ghost (amateur DjWn)
  1866 | D:3      | Killed Insertrandomname's ghost
  2032 | D:3      | Found Dab Nodiff's Book Shop.
  2041 | D:3      | Identified the +1 helmet "Dibai" {Str+8 Int-5 Dex+5}
  2041 | D:3      | Noticed Robin
  2051 | D:3      | Reached skill level 1 in Long Blades
  2054 | D:3      | Killed Robin
  2261 | D:3      | Noticed Ijyb
  2271 | D:3      | Killed Ijyb
  2503 | D:3      | Found an ancient bone altar of Kikubaaqudgha.
  2504 | D:3      | Found a sparkling altar of Nemelex Xobeh.
  2507 | D:3      | Became a worshipper of Kikubaaqudgha
  2684 | D:4      | Reached skill level 2 in Long Blades
  2684 | D:4      | Reached XP level 7. HP: 51/51 MP: 10/10
  3080 | D:4      | Found a staircase to the Ecumenical Temple.
  3160 | D:4      | Found a runed translucent gate.
  3160 | D:4      | Found a runed translucent gate.
  3160 | D:4      | Found a runed translucent gate.
  3163 | D:4      | Noticed jimonade's ghost (amateur HOMo)
  3208 | D:4      | Noticed Natasha
  3213 | D:4      | Killed Natasha
  3214 | D:4      | Reached skill level 3 in Long Blades
  3223 | D:4      | Found a glowing drain.
  3232 | Sewer    | Entered a sewer
  3282 | Sewer    | Reached * piety under Kikubaaqudgha
  3282 | Sewer    | Received a gift from Kikubaaqudgha
  3285 | Sewer    | Learned a level 1 spell: Necrotise
  3289 | Sewer    | Learned a level 3 spell: Vampiric Draining
  3462 | Sewer    | Got the Quarto of Liminal Bruises
  3743 | D:4      | Reached skill level 4 in Long Blades
  3779 | D:4      | Noticed Natasha
  3785 | D:4      | Killed Natasha
  3900 | D:4      | Gained mutation: You are mostly covered in sharp spines.
                  | [demonic ancestry]
  3900 | D:4      | Reached XP level 8. HP: 52/58 MP: 10/12
  4205 | D:5      | Entered Level 5 of the Dungeon
  4627 | D:5      | Reached ** piety under Kikubaaqudgha
  4752 | D:5      | Learned a level 4 spell: Animate Dead
  5267 | D:6      | Reached skill level 5 in Long Blades
  5876 | D:7      | Found Cugiwk's General Store.
  5979 | D:7      | Gained mutation: You are completely covered in sharp
                  | spines. [demonic ancestry]
  5979 | D:7      | Reached XP level 9. HP: 60/66 MP: 9/13
  6396 | D:7      | Reached skill level 5 in Fighting
  6529 | D:7      | Reached skill level 6 in Long Blades
  6782 | D:8      | Noticed Maurice
  6806 | D:8      | Killed Maurice
  6807 | D:8      | Reached skill level 5 in Necromancy
  6817 | D:8      | Noticed a two-headed ogre
  6824 | D:8      | HP: 1/68 [steam dragon] (5)]
  6824 | D:8      | Killed from afar by a steam dragon

Illustrated notes

Levels and vault maps discovered:
D:1:      wander_arrival_peaceful_grave, layout_basic, serial_shops, shop
D:2:      minmay_inner_zag, layout_basic
D:3:      layout_loops_ring, chequers_temple_overflow_minitemple,
          mainiacjoe_overflow_divided_tiny, serial_shops, shop,
          ebering_ghost_sewer_d, uniq_robin, uniq_sigmund, uniq_jessica,
          uniq_ijyb
D:4:      layout_gridville, minmay_temple_entry_offerings,
          gammafunk_ghost_necromancy, cheibrodos_sewer_entry_bend,
          serial_park_tiny_pond, serial_bayou_crossing, uniq_natasha
D:5:      layout_basic
D:6:      layout_basic
D:7:      layout_basic, serial_shops, kennysheep_mini
D:8:      layout_basic, serial_shops, shop, nicolae_blasting_shop,
          nicolae_looking_at_the_future, uniq_maurice

Skill      XL: |  1  2  3  4  5  6  7  8  9 |
---------------+----------------------------+-----
Throwing       | 2 |  2.9
Necromancy     | 3 4 5 |  5.2
Dodging        | 1 2 3 |  3.8
Fighting       | 1 2 3 4 5 |  5.4
Short Blades   | 2 |  2.3
Stealth        | 2 3 |  3.0
Long Blades    | 2 4 5 6 |  6.3
Spellcasting   | 2 3 |  3.9
Conjurations   | |  0.3
Air Magic      | |  1.1
Invocations    | |  2.9
Evocations     | |  1.6

Action                     |  1- 3 |  4- 6 |  7- 9 || total
---------------------------+-------+-------+-------++-------
  Melee: Dagger            |    66 |    28 |       ||    94
         Punch             |     1 |     3 |     3 ||     7
         Kick              |       |    11 |    34 ||    45
         Demon blade       |       |    55 |   174 ||   229
  Throw: Dart              |     2 |       |    16 ||    18
   Cast: Kiss of Death     |     3 |       |       ||     3
         Necrotise         |       |       |    10 ||    10
         Animate Dead      |       |       |     3 ||     3
 Invoke: Unearth Wretches  |       |       |     1 ||     1
  Evoke: Wand              |       |       |     6 ||     6
    Use: Potion            |     1 |       |     2 ||     3
         Scroll            |       |    12 |     9 ||    21
   Stab: Sleeping          |     7 |     7 |     7 ||    21
 Armour: Robe              |     5 |     5 |    24 ||    34
  Dodge: Dodged            |    35 |    48 |   103 ||   186

Table legend: (Time is in decaauts)
 A = Elapsed time spent in this place.
 B = Non-inter-level travel time spent in this place.
 C = Inter-level travel time spent in this place.
 D = Time resting spent in this place.
 E = Time spent auto-exploring this place.
 F = Levels seen in this place.
 G = Mean time per level.
                   A        B        C        D        E       F      G
               +--------+--------+--------+--------+--------+-----+--------+
         Total |   6954 |   6699 |    255 |    473 |   4779 |   9 |  772.7 |
       Dungeon |   6427 |   6172 |    255 |    473 |   4543 |   8 |  803.4 |
         Sewer |    526 |    526 |      0 |      0 |    236 |   1 |  526.0 |
               +--------+--------+--------+--------+--------+-----+--------+

Top non-repeatable levels by time:
     D:3: 1133 daAuts
     D:4: 1108 daAuts
     D:7: 1033 daAuts
     D:2: 798 daAuts
     D:5: 785 daAuts
     D:1: 771 daAuts
     D:6: 609 daAuts
   Sewer: 526 daAuts
     D:8: 186 daAuts
